PBL
CINCINNATI REDS @ CHICAGO CUBS
05/10/2071
 
TOP OF THE 1ST
Cincinnati Reds batting - Pitching for Chicago Cubs : RHP Jeff Frank
Pitching: RHP Jeff Frank
Batting: RHB Nick Reed 0-0: Foul Ball, location: 23F
0-1: Hit by Pitch
Batting: LHB Greg McIntosh 0-0: Foul Ball, location: 2RF
0-1: Ball
Nick Reed steals 2nd base
1-1: Foul Ball, location: 7LSF
1-2: Ground out 5-3 (Groundball, 5L, EV 103.8 MPH)
Nick Reed to third
Batting: RHB Zack Davis 0-0: Ball
1-0: Ball
2-0: Ball
3-0: Base on Balls
Batting: LHB Guo-xiu Tse 0-0: Called Strike
0-1: Ball
1-1: Ball
2-1: SINGLE (Groundball, 6MD, EV 100.0 MPH)
Nick Reed scores
Zack Davis to second
Batting: LHB Miguel Ballerini 0-0: Fly out, F9 (Flyball, 9S, EV 86.3 MPH)
Batting: RHB Ramón García 0-0: Ground out 5-3 (Groundball, 56S, EV 74.4 MPH)
Top of the 1st over - 1 run, 1 hit, 0 errors, 2 left on base; Cincinnati 1 - Chicago 0
BOTTOM OF THE 1ST
Chicago Cubs batting - Pitching for Cincinnati Reds : RHP Tim Crawford
Pitching: RHP Tim Crawford
Batting: LHB Orlando Melero 0-0: Called Strike
0-1: Ball
1-1: Ball
2-1: Ball
3-1: Swinging Strike
3-2: Strikes out swinging
Batting: RHB Chee-hwa Foong 0-0: SINGLE (Groundball, 56D, EV 98.1 MPH)
Batting: SHB Jesús Mora 0-0: Called Strike
0-1: Ball
1-1: Reached on error, E6 (Groundball, 6, EV 100.6 MPH)
Chee-hwa Foong to second
Batting: SHB George Moore 0-0: Ball
1-0: Ball
2-0: Ball
3-0: Called Strike
3-1: Called Strike
3-2: Strikes out looking
Batting: RHB Pedro Hernández 0-0: Ball
1-0: Ball
2-0: Called Strike
2-1: Foul Ball, location: 3SF
2-2: DOUBLE (Flyball, 78XD, EV 101.3 MPH)
Chee-hwa Foong scores
Jesús Mora to third
Batting: RHB Robert Picot 0-0: Foul Ball, location: 5FF
0-1: Ball
1-1: Fly out, F7 (Flyball, 78D, EV 81.9 MPH)
Bottom of the 1st over - 1 run, 2 hits, 1 error, 2 left on base; Cincinnati 1 - Chicago 1
TOP OF THE 2ND
Cincinnati Reds batting - Pitching for Chicago Cubs : RHP Jeff Frank
Batting: RHB Ricardo Márquez 0-0: Fly out, F8 (Line Drive, 8LD, EV 93.1 MPH)
Batting: LHB Kwang-sik Pom 0-0: Called Strike
0-1: Foul Ball, location: 5F
0-2: Ball
1-2: Ball
2-2: SINGLE (Line Drive, 34D, EV 95.6 MPH)
Batting: RHB Bob Calfee 0-0: Grounds into double play, 5-4-3 (Groundball, 56, EV 86.3 MPH)
Top of the 2nd over - 0 runs, 1 hit, 0 errors, 0 left on base; Cincinnati 1 - Chicago 1
BOTTOM OF THE 2ND
Chicago Cubs batting - Pitching for Cincinnati Reds : RHP Tim Crawford
Pitching: RHP Don Kowalchuk
Batting: LHB Larry Johnson 0-0: Ball
1-0: Ball
2-0: Called Strike
2-1: Ball
3-1: Base on Balls
Batting: RHB José Rodríguez 0-0: Called Strike
Larry Johnson is caught stealing 2nd base 2-4
0-1: Fly out, F8 (Line Drive, 8LS, EV 96.3 MPH)
Batting: RHB Eddie Brown 0-0: Swinging Strike
0-1: Ball
1-1: Called Strike
1-2: Ball
2-2: Ball
3-2: Base on Balls
Batting: LHB Orlando Melero 0-0: Ball
1-0: Called Strike
1-1: Fly out, F7 (Flyball, 7LMF, EV 91.3 MPH)
Bottom of the 2nd over - 0 runs, 0 hits, 0 errors, 1 left on base; Cincinnati 1 - Chicago 1
TOP OF THE 3RD
Cincinnati Reds batting - Pitching for Chicago Cubs : RHP Jeff Frank
Batting: RHB Nick Reed 0-0: Called Strike
0-1: Ball
1-1: Foul Ball, location: 9LSF
1-2: Strikes out looking
Batting: LHB Greg McIntosh 0-0: Called Strike
0-1: Fly out, F8 (Flyball, 8RXD, EV 111.9 MPH)
Batting: RHB Zack Davis 0-0: Called Strike
0-1: Ball
1-1: Called Strike
1-2: Strikes out looking
Top of the 3rd over - 0 runs, 0 hits, 0 errors, 0 left on base; Cincinnati 1 - Chicago 1
BOTTOM OF THE 3RD
Chicago Cubs batting - Pitching for Cincinnati Reds : RHP Don Kowalchuk
Batting: RHB Chee-hwa Foong 0-0: Called Strike
0-1: Ball
1-1: Foul Ball, location: 7LDF
1-2: SINGLE (Groundball, 6MD, EV 97.5 MPH)
Batting: SHB Jesús Mora 0-0: Foul Ball, location: 7LDF
0-1: Foul Ball, location: 2F
0-2: DOUBLE (Line Drive, 89M, EV 106.9 MPH)
Chee-hwa Foong to third
Batting: SHB George Moore 0-0: Ball
1-0: Fly out, F7 (Flyball, 7D, EV 97.5 MPH)
Runner from 3rd tags up, SCORES, no throw by LF
Batting: RHB Pedro Hernández 0-0: Called Strike
0-1: Foul Ball, location: 3FF
0-2: Ball
1-2: Strikes out swinging
Batting: RHB Robert Picot 0-0: Ground out 6-3 (Groundball, 6, EV 106.3 MPH)
Bottom of the 3rd over - 1 run, 2 hits, 0 errors, 1 left on base; Cincinnati 1 - Chicago 2
TOP OF THE 4TH
Cincinnati Reds batting - Pitching for Chicago Cubs : RHP Jeff Frank
Batting: LHB Guo-xiu Tse 0-0: Ball
1-0: Called Strike
1-1: Foul Ball, location: 2F
1-2: Foul Ball, location: 25F
1-2: Foul Ball, location: 5FF
1-2: Ground out 4-3 (Groundball, 4, EV 105.6 MPH)
Batting: LHB Miguel Ballerini 0-0: Called Strike
0-1: Ball
1-1: Ball
2-1: Swinging Strike
2-2: Strikes out swinging
Batting: RHB Ramón García 0-0: DOUBLE (Flyball, 8RXD, EV 108.8 MPH)
Batting: RHB Ricardo Márquez 0-0: Called Strike
0-1: Swinging Strike
0-2: Ball
1-2: Ball
2-2: Strikes out swinging
Top of the 4th over - 0 runs, 1 hit, 0 errors, 1 left on base; Cincinnati 1 - Chicago 2
BOTTOM OF THE 4TH
Chicago Cubs batting - Pitching for Cincinnati Reds : RHP Don Kowalchuk
Batting: LHB Larry Johnson 0-0: Ball
1-0: Called Strike
1-1: Ball
2-1: Swinging Strike
2-2: Foul Ball, location: 3FF
2-2: Ball
3-2: Fly out, F9 (Flyball, 9, EV 91.3 MPH)
Batting: RHB José Rodríguez 0-0: Called Strike
0-1: Ball
1-1: Called Strike
1-2: Ground out 6-3 (Groundball, 6M, EV 103.8 MPH)
Batting: RHB Eddie Brown 0-0: Called Strike
0-1: Ground out 6-3 (Groundball, 6, EV 85.6 MPH)
Bottom of the 4th over - 0 runs, 0 hits, 0 errors, 0 left on base; Cincinnati 1 - Chicago 2
TOP OF THE 5TH
Cincinnati Reds batting - Pitching for Chicago Cubs : RHP Jeff Frank
Batting: LHB Kwang-sik Pom 0-0: Ball
1-0: Called Strike
1-1: Foul Ball, location: 9LMF
1-2: SINGLE (Groundball, 6MD, EV 101.9 MPH)
Batting: RHB Bob Calfee 0-0: Ball
1-0: DOUBLE (Line Drive, 78XD, EV 105.0 MPH)
Kwang-sik Pom to third
Batting: RHB Nick Reed 0-0: Called Strike
0-1: Ball
Wild Pitch!
Kwang-sik Pom scores
Bob Calfee to third
1-1: Called Strike
1-2: Ball
2-2: Foul Ball, location: 2F
2-2: Ball
3-2: Ground out 5-3 (Groundball, 56S, EV 83.8 MPH)
Batting: LHB Greg McIntosh 0-0: Swinging Strike
0-1: Ball
1-1: Foul Ball, location: 25F
1-2: Foul Ball, location: 2F
1-2: Strikes out swinging
Batting: RHB Zack Davis 0-0: Ball
1-0: Foul Ball, location: 2F
1-1: Fly out, F8 (Flyball, 8LD, EV 110.6 MPH)
Top of the 5th over - 1 run, 2 hits, 0 errors, 1 left on base; Cincinnati 2 - Chicago 2
BOTTOM OF THE 5TH
Chicago Cubs batting - Pitching for Cincinnati Reds : RHP Don Kowalchuk
Batting: LHB Orlando Melero 0-0: Ground out 4-3 (Groundball, 4, EV 85.0 MPH)
Batting: RHB Chee-hwa Foong 0-0: Ball
1-0: Ball
2-0: Foul Ball, location: 7LSF
2-1: Foul Ball, location: 2F
2-2: Foul Ball, location: 2F
2-2: Ball
3-2: SINGLE (Flyball, 3D, EV 94.4 MPH)
Batting: SHB Jesús Mora 0-0: Ball
1-0: Fly out, F7 (Line Drive, 7S, EV 95.0 MPH)
Batting: SHB George Moore 0-0: Swinging Strike
0-1: Ball
1-1: Ball
2-1: Ball
3-1: Foul Ball, location: 9LDF
3-2: Base on Balls
Chee-hwa Foong to second
Pitching: RHP Ricky Bray
Batting: RHB Pedro Hernández 0-0: Called Strike
0-1: Ball
1-1: Fly out, F4 (Flyball, 4D, EV 92.5 MPH)
Bottom of the 5th over - 0 runs, 1 hit, 0 errors, 2 left on base; Cincinnati 2 - Chicago 2
TOP OF THE 6TH
Cincinnati Reds batting - Pitching for Chicago Cubs : RHP Jeff Frank
Batting: LHB Guo-xiu Tse 0-0: Called Strike
0-1: Foul Ball, location: 2F
0-2: Fly out, F9 (Flyball, 89M, EV 87.5 MPH)
Batting: LHB Miguel Ballerini 0-0: Ball
1-0: Ball
2-0: Ball
3-0: Base on Balls
Batting: RHB Ramón García 0-0: Ball
1-0: Ball
2-0: Called Strike
2-1: SINGLE (Flyball, 9S, EV 98.8 MPH)
Miguel Ballerini to second
Batting: RHB Ricardo Márquez 0-0: Ball
1-0: SINGLE (Groundball, 56D, EV 94.4 MPH)
Miguel Ballerini to third
Ramón García to second
Runner from 3rd tries for Home, SAFE, throw by LF to home
Batting: LHB Kwang-sik Pom 0-0: SINGLE (Line Drive, 8LS, EV 90.0 MPH)
Ramón García to third
Ricardo Márquez to second
Runner from 3rd tries for Home, SAFE, throw by CF to home
Batting: RHB Bob Calfee 0-0: Foul Ball, location: 3F
0-1: Fielders Choice at 2nd, 5-4 (Groundball, 56, EV 108.1 MPH)
Ricardo Márquez to third
Batting: RHB Nick Reed 0-0: Called Strike
0-1: Fly out, F8 (Flyball, 8LXD, EV 96.9 MPH)
Top of the 6th over - 2 runs, 3 hits, 0 errors, 2 left on base; Cincinnati 4 - Chicago 2
BOTTOM OF THE 6TH
Chicago Cubs batting - Pitching for Cincinnati Reds : RHP Ricky Bray
Batting: RHB Robert Picot 0-0: Swinging Strike
0-1: TRIPLE (Flyball, 89XD, EV 93.1 MPH)
Batting: LHB Larry Johnson 0-0: Called Strike
0-1: Foul Ball, location: 5SF
0-2: Ball
1-2: Ball
2-2: Ball
3-2: Strikes out looking
Batting: RHB José Rodríguez 0-0: Called Strike
0-1: Ball
1-1: Ground out 6-3 (Groundball, 6, EV 85.6 MPH)
Robert Picot scores
Batting: RHB Eddie Brown 0-0: Ground out 4-3 (Groundball, 4, EV 96.9 MPH)
Bottom of the 6th over - 1 run, 1 hit, 0 errors, 0 left on base; Cincinnati 4 - Chicago 3
TOP OF THE 7TH
Cincinnati Reds batting - Pitching for Chicago Cubs : RHP Jeff Frank
Batting: LHB Greg McIntosh 0-0: Ball
1-0: Ball
2-0: Fly out, F7 (Flyball, 7, EV 86.9 MPH)
Batting: RHB Zack Davis 0-0: Ball
1-0: Called Strike
1-1: Called Strike
1-2: Strikes out swinging
Batting: LHB Guo-xiu Tse 0-0: Ball
1-0: Ball
2-0: Called Strike
2-1: Foul Ball, location: 3F
2-2: DOUBLE (Flyball, 78D, EV 95.0 MPH)
Batting: LHB Miguel Ballerini 0-0: Intentional Walk
Batting: RHB Ramón García 0-0: Called Strike
0-1: Ball
1-1: Ball
2-1: Fly out, F9 (Flyball, 89S, EV 80.0 MPH)
Top of the 7th over - 0 runs, 1 hit, 0 errors, 2 left on base; Cincinnati 4 - Chicago 3
BOTTOM OF THE 7TH
Chicago Cubs batting - Pitching for Cincinnati Reds : RHP Ricky Bray
Batting: LHB Orlando Melero 0-0: Foul Ball, location: 9LDF
0-1: Fly out, F9 (Flyball, 89M, EV 95.0 MPH)
Batting: RHB Chee-hwa Foong 0-0: Swinging Strike
0-1: Foul Ball, location: 25F
0-2: Ball
1-2: Foul Ball, location: 5F
1-2: Ball
2-2: Strikes out swinging
Batting: SHB Jesús Mora 0-0: Ball
1-0: Ball
2-0: Ball
3-0: Base on Balls
Batting: SHB George Moore 0-0: Fly out, F9 (Line Drive, 9, EV 90.0 MPH)
Bottom of the 7th over - 0 runs, 0 hits, 0 errors, 1 left on base; Cincinnati 4 - Chicago 3
TOP OF THE 8TH
Cincinnati Reds batting - Pitching for Chicago Cubs : RHP Jeff Frank
Pitching: LHP Jesse Robinson
Batting: RHB Ricardo Márquez 0-0: Called Strike
0-1: Called Strike
0-2: Ball
1-2: Ground out 3-1 (Groundball, 34, EV 92.5 MPH)
Batting: LHB Kwang-sik Pom 0-0: Ball
1-0: Ball
2-0: Foul Ball, location: 5DF
2-1: Ball
3-1: Ground out 4-3 (Groundball, 4M, EV 83.1 MPH)
Batting: RHB Bob Calfee 0-0: Foul Ball, location: 9LSF
0-1: Ball
1-1: Swinging Strike
1-2: Foul Ball, location: 5F
1-2: Ball
2-2: Ball
3-2: Base on Balls
Batting: RHB Nick Reed 0-0: Ball
1-0: Foul Ball, location: 9LSF
1-1: Ball
2-1: Ball
3-1: Fielders Choice at 2nd, 6-4 (Groundball, 6, EV 90.6 MPH)
Top of the 8th over - 0 runs, 0 hits, 0 errors, 1 left on base; Cincinnati 4 - Chicago 3
BOTTOM OF THE 8TH
Chicago Cubs batting - Pitching for Cincinnati Reds : RHP Ricky Bray
Pitching: RHP Tom MacVail
Now in LF: Greg McIntosh
Now in CF: Carlos Flores
Batting: LHB Yan Peltier 0-0: DOUBLE (Groundball, 3L, EV 101.3 MPH)
Batting: RHB Robert Picot 0-0: Called Strike
0-1: Called Strike
0-2: Ball
1-2: Ball
2-2: Ball
3-2: Fly out, F7 (Flyball, 7, EV 86.9 MPH)
Batting: LHB Larry Johnson 0-0: Called Strike
0-1: Called Strike
0-2: Ground out 4-3 (Groundball, 4, EV 93.8 MPH)
Yan Peltier to third
Pinch Hitting: LHB Hunter Mathis 0-0: Ball
1-0: Called Strike
1-1: Ball
2-1: Ground out 4-3 (Groundball, 4, EV 101.3 MPH)
Bottom of the 8th over - 0 runs, 1 hit, 0 errors, 1 left on base; Cincinnati 4 - Chicago 3
TOP OF THE 9TH
Cincinnati Reds batting - Pitching for Chicago Cubs : LHP Jesse Robinson
Now at 3B: Germán Méndez
Batting: LHB Greg McIntosh 0-0: Foul Ball, location: 23F
0-1: Fly out, F6 (Popup, 6M, EV 69.4 MPH)
Batting: RHB Zack Davis 0-0: Called Strike
0-1: Ball
1-1: Swinging Strike
1-2: Ball
2-2: Foul Ball, location: 9LDF
2-2: Ground out 6-3 (Groundball, 6S, EV 63.8 MPH)
Batting: LHB Carlos Flores 0-0: Called Strike
0-1: Fly out, F9 (Flyball, 89S, EV 87.5 MPH)
Top of the 9th over - 0 runs, 0 hits, 0 errors, 0 left on base; Cincinnati 4 - Chicago 3
BOTTOM OF THE 9TH
Chicago Cubs batting - Pitching for Cincinnati Reds : RHP Tom MacVail
Batting: RHB Eddie Brown 0-0: Ball
1-0: Called Strike
1-1: Foul Ball, location: 2F
1-2: Strikes out swinging
Batting: LHB Orlando Melero 0-0: Called Strike
0-1: Swinging Strike
0-2: Ball
1-2: Strikes out swinging
Batting: RHB Chee-hwa Foong 0-0: Ball
1-0: Ground out 6-3 (Groundball, 56, EV 101.3 MPH)
Bottom of the 9th over - 0 runs, 0 hits, 0 errors, 0 left on base; Cincinnati 4 - Chicago 3
Saturday, April 13th , 2024 - OOTP Baseball 24.10 Build 82